[Event "*** MasterClass Titled Tuesday Blitz"]
[Site "Chess.com"]
[Date "2017.07.04"]
[Round "5"]
[White "popov_m"]
[Black "LonesomeGeorge1"]
[Result "1-0"]
[WhiteElo "2404"]
[BlackElo "2274"]
[TimeControl "180+2"]
[EndTime "14:07:55 PDT"]
[Termination "popov_m won by resignation"]

1. d4 Nf6 2. Bf4 b6 3. e3 Bb7 4.
Nf3 g6 5. h3 Bg7 6. Nbd2 O-O 7. c3 d6 8. Be2 c5 9. O-O Nbd7 10. a4 a6 11. Bd3 Ra7 12. Qb1 Qa8 13. b4 cxd4 14. cxd4 Nd5 15. Bg3 Rc8 16. Rc1 Rxc1+ 17.
Qxc1 Nxb4 18. Bf1 Qd8 19. Qb2 Nd5 20. Bc4 h6 21. Qb3 e6 22. Bxd6 Bc6 23. Bg3 Qa8 24. Rc1 Qb7 25. Bd3 b5 26. axb5 axb5 27. Ne4 b4 28.
Nd6 Qb6 29. Nc8 Ba4 30. Qb2 Qb7 31. Nxa7 Qxa7 32. e4 Nc5 33. Rxc5 Qxc5 34. dxc5 Bxb2 35. exd5 exd5 36. Be5 Bc3 37. Bxc3 bxc3 38. Nd4 Kf8 39. Bc2 Bxc2 40. Nxc2 Ke7 41. Nd4 Kd7 42. Kf1 c2 43.
Nxc2 Kc6 44. Ke2 Kxc5 45. Kd3 Kd6 46. Kd4 Ke6 47. Ne3 h5 48. Nxd5 Kf5 49. Ne3+ Kf4 50. Nd5+ Kf5 51. Ke3 g5 52. Kf3 g4+ 53. hxg4+ hxg4+ 54.
Kg3 Kg5 55. f4+ gxf3 56. Kxf3 Kf5 57. Ne3+ Kg5 58. Ke4 f6 59. Kf3 Kh4 60. Kf4 Kh5 61.
Kf5 Kh4 62. g4 Kg3 63. Kxf6 Kf4 64. g5 1-0

[Event "*** MasterClass Titled Tuesday Blitz"]
[Site "Chess.com"]
[Date "2017.07.04"]
[Round "5"]
[White "blitzcopter"]
[Black "maheswaran26"]
[Result "1-0"]
[WhiteElo "2040"]
[BlackElo "2138"]
[TimeControl "180+2"]
[EndTime "14:08:02 PDT"]
[Termination "blitzcopter won by resignation"]

1. e4 c5 2. Nf3 e6 3. d4 cxd4 4.
Nxd4 a6 5. Nc3 Qc7 6. Be2 b5 7. O-O Bb7 8. a3 Nf6 9. Qd3 d6 10. Bg5 Nbd7 11. b4 Rc8 12. Bd2 Ne5 13. Qg3 Nc4 14.
Bxc4 Qxc4 15. Nb3 Nxe4 16. Nxe4 Qxe4 17. Na5 Bd5 18. Rae1 Qg6 19. Qxg6 hxg6 20. Rc1 Kd7 21. Be3 Rc3 22. Nb3 e5 23. Bd2 Rc8 24. f3 f5 25.
Rfd1 Ke6 26. Be3 f4 27. Bb6 g5 28. Rd3 Be7 29. Nd2 Rc6 30. Bf2 Rhc8 31. c3 g4 32. fxg4 e4 33. Rd4 e3 34. Re1 g5 35. Bxe3 fxe3 36. Rxe3+ Kd7 37. Rxd5 Rxc3 38. Kf2 Bd8 39. Rxc3 Rxc3 40. Rxd6+ Kxd6 41. Ne4+ Kd5 42. Nxc3+ Kc4 43. Ne4 Kb3 44. Nc5+ Kxa3 45. Nxa6 Kb3 46. g3 Kc4 47. Kf3 Be7 48. Ke4 Bd6 49. Kf5 Be7 50.
Ke6 Bd8 51. Kf5 Be7 52. Nc7 Bxb4 53. Nxb5 Kxb5 54. Kxg5 Kc6 55. Kg6 Kd5 56. h4 Ke6 57. h5 Bc3 58. g5 Ke7 59. Kh7 Kf7 60. g6+ Kf8 61. h6 1-0

[Event "*** MasterClass Titled Tuesday Blitz"]
[Site "Chess.com"]
[Date "2017.07.04"]
[Round "5"]
[White "NMJeevanK"]
[Black "spirals5"]
[Result "0-1"]
[WhiteElo "2334"]
[BlackElo "2377"]
[TimeControl "180+2"]
[EndTime "14:08:22 PDT"]
[Termination "spirals5 won by checkmate"]

1. e4 c5 2. Nf3 d6 3. d4 cxd4 4.
Nxd4 Nf6 5. Nc3 a6 6. Be2 e5 7. Nb3 Be7 8. O-O Be6 9. Be3 Nbd7 10. f4 Qc7 11. f5 Bc4 12. Kh1 Rc8 13. g4 h6 14. Rg1 Bxe2 15. Qxe2 b5 16. a3 Qc4 17. Qf3 Qc6 18. Rad1 Nb6 19. Bxb6 Qxb6 20. g5 hxg5 21. Rxg5 Qb7 22. Rxg7 Rxc3 23. bxc3 Qxe4 24. Qxe4 Nxe4 25.
Kg2 Nxc3 26. Rd3 Ne2 27. Rd2 Nf4+ 28. Kf3 d5 29. Rg4 Rh3+ 30. Rg3 Rh5 31. Nd4 Bxa3 32. f6 Bd6 33. Rg8+ Kd7 34. Nb3 Rf5 35. Kg4 Rxf6 36. Ra8 Ke6 37. Rxa6 Rg6+ 38. Kf3 Kf5 39. Rd1 e4+ 40.
Ke3 Be5 41. Rxg6 fxg6 42. Rf1 g5 43. Nc5 d4+ 44. Kd2 e3+ 45. Ke1 g4 46. Nd3 Bd6 47.
Nxf4 Bxf4 48. Ke2 Ke4 49. Rh1 b4 50. Rg1 b3 51. cxb3 d3+ 52. Ke1 e2 53. Rxg4 Ke3 54.
Rxf4 d2# 0-1

[Event "*** MasterClass Titled Tuesday Blitz"]
[Site "Chess.com"]
[Date "2017.07.04"]
[Round "5"]
[White "Malev212"]
[Black "dolynachess"]
[Result "1-0"]
[WhiteElo "2523"]
[BlackElo "2331"]
[TimeControl "180+2"]
[EndTime "14:08:26 PDT"]
[Termination "Malev212 won by resignation"]

1. e4 e6 2. Qe2 Be7 3. f4 d5 4. d3 c5 5. Nf3 Nc6 6. g3 b5 7. Bg2 a5 8. O-O Nf6 9. exd5 exd5 10. Ne5 Nd4 11. Qf2 Bd6 12. Be3 Qb6 13. Nc3 Be6 14.
a4 b4 15. Bxd4 cxd4 16. Nb5 Bxe5 17. fxe5 Ng4 18. Qxd4 Qxd4+ 19. Nxd4 Ke7 20. Rae1 Rhc8 21. h3 Nh6 22. g4 Rc5 23. Rf2 Rac8 24. Kh2 Bxg4 25.
hxg4 Nxg4+ 26. Kg3 Nxf2 27. Kxf2 g6 28. Bh3 R8c7 29.
Ke3 h5 30. Kf4 Rxc2 31. Nxc2 Rxc2 32. d4 Rd2 33. Ke3 Rxb2 34. Bf1 Rc2 35. Bd3 Rc3 36.
Kd2 Ke6 37. Rf1 g5 38. Rf6+ Ke7 39. Rf5 Ra3 40. Rxg5 Rxa4 41. Rxh5 b3 42. Kc3 b2 43.
Rh1 Ra3+ 44. Kd2 Ra1 45. Rb1 Ra4 46. Rxb2 Rxd4 47. Rb6 Rb4 48. Ra6 a4 49. Bf5 Rf4 50. Ra7+ Kf8 51. Bd3 Rh4 52. Ke3 Rb4 53. Bf5 Kg8 54. Kf3 Rb3+ 55. Kf4 a3 56. Kg5 Re3 57. Kf6 1-0

[Event "*** MasterClass Titled Tuesday Blitz"]
[Site "Chess.com"]
[Date "2017.07.04"]
[Round "5"]
[White "grzechu96"]
[Black "GMKrikor"]
[Result "1-0"]
[WhiteElo "2410"]
[BlackElo "2457"]
[TimeControl "180+2"]
[EndTime "14:09:02 PDT"]
[Termination "grzechu96 won by resignation"]

1. e4 e5 2. Nf3 Nc6 3. Bc4 Bc5 4.
O-O Nf6 5. d3 d6 6. c3 h6 7. Re1 a6 8. Bb3 Ba7 9. Nbd2 O-O 10. h3 Re8 11. Nf1 Be6 12. Bxe6 Rxe6 13. Be3 Bxe3 14. Nxe3 d5 15. Qc2 Qd7 16. Nf5 Rd8 17.
Rad1 Qe8 18. Ng3 g6 19. Qb3 b6 20. exd5 Nxd5 21. d4 e4 22. Nh2 b5 23. Ng4 Kg7 24. Ne3 Nxe3 25. Rxe3 f5 26. Rde1 Na5 27. Qc2 Nc4 28. R3e2 c5 29. dxc5 Qc6 30. Rd1 Rxd1+ 31.
Qxd1 Qxc5 32. Qd7+ Re7 33. Qd8 Qd6 34. Qxd6 Nxd6 35.
b3 Kf6 36. Rd2 Ke5 37. Kf1 Rc7 38. Ne2 f4 39. g3 f3 40. Nf4 Nf5 41. Nxg6+ Kf6 42.
Nf4 Ne7 43. Rc2 Ke5 44. Ke1 Nf5 45. Ng6+ Kf6 46. Nf4 Ke5 47. Ng6+ Kf6 48. Nf4 Rc5 49. Kd2 Ke5 50. Ng6+ Kf6 51. Nf4 Rc8 52. Ke1 Ke5 53. Ng6+ Kf6 54. Nf4 Rc6 55. Rc1 Ke5 56. c4 Nd4 57. Kd2 Nf5 58. cxb5 Rd6+ 59. Ke1 e3 60. fxe3 Ke4 61. bxa6 Nxe3 62. a7 Ng2+ 63. Kf1 Ne3+ 64.
Ke1 Ng2+ 65. Nxg2 Ra6 66. Rc4+ Kd3 67. Nf4+ Ke3 68. Nd5+ Kd3 69. Ra4 1-0

[Event "*** MasterClass Titled Tuesday Blitz"]
[Site "Chess.com"]
[Date "2017.07.04"]
[Round "5"]
[White "evgenyermolaev"]
[Black "ruvat"]
[Result "0-1"]
[WhiteElo "2294"]
[BlackElo "2273"]
[TimeControl "180+2"]
[EndTime "14:09:09 PDT"]
[Termination "ruvat won by checkmate"]

1. e4 d6 2. d4 Nf6 3. Nc3 g6 4. Be3 Bg7 5. f3 c6 6. g4 b5 7. Qd2 h5 8. g5 Nfd7 9. f4 b4 10. Nd1 c5 11. Nf3 Bb7 12. Nf2 Nc6 13. Bb5 O-O 14.
f5 cxd4 15. Nxd4 Nxd4 16. Bxd4 Ne5 17. Be2 gxf5 18. O-O-O fxe4 19. Bxh5 Rc8 20. Bxe5 Bxe5 21. Ng4 e3 22. Qxe3 Bxh1 23. Nxe5 Qc7 24. Qd3 dxe5 25.
Rxh1 Qc4 26. Qd2 Qxa2 27. Qg2 Qa1+ 28. Kd2 Qxb2 29. Bd1 b3 30. g6 f6 31. Qd5+ Kg7 32. Qe6 Qd4+ 33. Kc1 Qe3+ 34. Kb2 Qc3+ 35. Kc1 b2+ 36.
Kb1 Qa3 37. Qa2 Qxa2+ 38. Kxa2 Rb8 39. Bh5 Rh8 40. Be2 Rh4 41. Bd3 e6 42. c4 f5 43. Re1 Kf6 44. g7 e4 45. Bb1 Kxg7 46.
c5 Kf6 47. c6 Rxh2 48. Re3 Rc8 49. Rc3 Ke5 50. Ka3 Kd6 51. Rc4 Rxc6 52. Rd4+ Ke5 53.
Ra4 Rc3+ 54. Kb4 Rc1 55. Ra5+ Kf4 56. Ba2 b1=Q+ 57. Bxb1 Rxb1+ 58. Kc5 Rb7 59. Kd6 Rhh7 60. Ra1 Rbd7+ 61. Kxe6 Rhe7+ 62. Kf6 e3 63. Rf1+ Kg3 64.
Kg5 e2 65. Re1 Kf2 66. Ra1 e1=Q 67. Ra2+ Re2 68. Ra5 Qg1+ 69. Kf4 Qg3+ 70. Kxf5 Rf7# 0-1

[Event "*** MasterClass Titled Tuesday Blitz"]
[Site "Chess.com"]
[Date "2017.07.04"]
[Round "5"]
[White "SergeiAza"]
[Black "BilodeauA"]
[Result "1/2-1/2"]
[WhiteElo "2713"]
[BlackElo "2618"]
[TimeControl "180+2"]
[EndTime "14:09:24 PDT"]
[Termination "Game drawn by repetition"]

1. e4 c5 2. Nf3 Nc6 3. d4 cxd4 4. Nxd4 Nf6 5. Nc3 d6 6. Bc4 e6 7. Be3 Be7 8. f4 a6 9. Qf3 O-O 10. Bb3 Nxd4 11. Bxd4 b5 12. Bxf6 Bxf6 13. e5 Bh4+ 14. g3 Rb8 15. gxh4 Bb7 16. Ne4 dxe5 17. Rg1 Qxh4+ 18. Qg3 Qh6 19. Ng5 exf4 20. Qxf4 Qh5 21. Rd1 h6 22. Ne4 Bxe4 23. Qxe4 Rbd8 24. c3 Qxh2 25.
Qg4 g6 26. Rg2 Qe5+ 27. Re2 Qg7 28. Rxd8 Rxd8 29. a4 Qf6 30. Rf2 Qe5+ 31. Re2 Qf6 32. Rf2 Qe7 33. Re2 h5 34. Qg3 Qf6 35. Rf2 Qe7 36. Re2 b4 37. Bxe6 fxe6 38. Qxg6+ Qg7 39. Qxe6+ Kh8 40. Qe5 Qxe5 41. Rxe5 bxc3 42. Rxh5+ Kg7 43. bxc3 Rd3 44. Rc5 Kf7 45. Ke2 Rh3 46. Kd2 Rh4 47. c4 Ke7 48. Kc3 Kd7 49. Kb4 Rh1 50. Ka5 Ra1 51. Rg5 Kc6 52. Rh5 Kd6 53. Rg5 Kc6 54.
Rd5 Ra2 55. Rf5 Ra1 56. Rf8 Kc5 57. Rc8+ Kd6 58. c5+ Kd7 59. Rg8 Kc6 60. Rc8+ Kd7 61. Rg8 Kc6 62. Rg6+ Kxc5 63. Rg5+ Kc6 64. Rg6+ Kb7 65.
Rb6+ Ka7 66. Rxa6+ Kb7 67. Rb6+ Ka7 68. Rg6 Rh1 69. Rg7+ Kb8 70. Rg8+ Ka7 71. Rg7+ Kb8 72.
Rg8+ Ka7 73. Rg7+ Kb8 74. Rg8+ Ka7 75. Rg7+ 1/2-1/2

[Event "*** MasterClass Titled Tuesday Blitz"]
[Site "Chess.com"]
[Date "2017.07.04"]
[Round "5"]
[White "AdrianaNikolova"]
[Black "ftorodent"]
[Result "0-1"]
[WhiteElo "2312"]
[BlackElo "2504"]
[TimeControl "180+2"]
[EndTime "14:10:50 PDT"]
[Termination "ftorodent won by checkmate"]

1. e4 c5 2. Nf3 e6 3. c3 Nf6 4. e5 Nd5 5. d4 cxd4 6. cxd4 d6 7. Bc4 Bd7 8. O-O Bc6 9. Qe2 Nd7 10. Bg5 Be7 11. Bxe7 Qxe7 12. Nc3 Nxc3 13. bxc3 O-O 14.
exd6 Qxd6 15. Bd3 Rac8 16. c4 Bxf3 17. Qxf3 b6 18. Rfd1 Nf6 19. Rac1 Qc6 20. Qf4 Qa4 21. g4 Rfd8 22. g5 Nh5 23. Qe4 g6 24. Be2 Ng7 25.
Qf4 Qxa2 26. Bf1 Qa4 27. Qe5 Qd7 28. d5 Qd6 29. Qxd6 Rxd6 30. dxe6 Rxe6 31. Rd7 Re5 32. Bg2 Rxg5 33. Kf1 Ne6 34. Rxa7 Nf4 35. Bf3 b5 36. c5 Rgxc5 37. Rxc5 Rxc5 38. Ke1 Rc3 39. Be4 Rc4 40. f3 Rd4 41. Ra8+ Kg7 42. Rb8 b4 43. Kf2 Ne6 44.
Ke3 Rc4 45. Bd5 Rc3+ 46. Kd2 Nc5 47. Rxb4 Rd3+ 48. Ke2 Rxd5 49. Rb5 Rh5 50. h4 Ne6 51. Rb4 Re5+ 52. Kf2 Kh6 53. Kg3 Kh5 54. Ra4 Rf5 55. Rb4 Rf4 56. Rb5+ Rf5 57. Rb4 h6 58. Ra4 g5 59.
hxg5 Nxg5 60. f4 Ne6 61. Rb4 Rxf4 62. Rb5+ f5 63. Rb6 Rg4+ 64. Kf3 Ng5+ 65. Kf2 f4 66. Rb5 f3 67. Ke3 Re4+ 68. Kf2 Re2+ 69. Kf1 Kg4 70. Rb4+ Ne4 71. Ra4 Kg3 72. Ra1 Nd2+ 73.
Kg1 Rg2+ 74. Kh1 Rh2+ 75. Kg1 f2# 0-1

[Event "*** MasterClass Titled Tuesday Blitz"]
[Site "Chess.com"]
[Date "2017.07.04"]
[Round "5"]
[White "FairChess_on_YouTube"]
[Black "A-Fier"]
[Result "1-0"]
[WhiteElo "2703"]
[BlackElo "2557"]
[TimeControl "180+2"]
[EndTime "14:11:54 PDT"]
[Termination "FairChess_on_YouTube won by resignation"]

1. d4 Nf6 2. Bg5 Ne4 3. Bf4 c5 4. f3 Nf6 5. d5 d6 6. e4 g6 7. Nc3 Bg7 8. Qd2 a6 9. Bh6 Bxh6 10. Qxh6 b5 11. h4 Nbd7 12. Nh3 Bb7 13. Nf2 Qa5 14. Qd2 h5 15. Be2 Qc7 16. a4 b4 17. Ncd1 a5 18. Ne3 Ba6 19. Bxa6 Rxa6 20. Qe2 Ra8 21. Nc4 Nb6 22.
Nxb6 Qxb6 23. Qb5+ Qxb5 24. axb5 Kd7 25. Nd1 Rhb8 26.
c4 a4 27. Kd2 Ra5 28. Ne3 Rba8 29. Kc2 Kc7 30. Rad1 Nd7 31. Kb1 Nb6 32. Ka2 Rh8 33. Rc1 Raa8 34. Rhf1 Raf8 35. Rfe1 Rhg8 36. f4 f6 37. g3 Kd7 38. Rh1 Rg7 39. Ng2 Rfg8 40. Ne1 Rh8 41. Nf3 Ra8 42. Rhe1 Rf7 43. Re3 Kc7 44. Nd2 Rg8 45. Rce1 g5 46. hxg5 fxg5 47.
f5 g4 48. Rh1 Rh7 49. Re2 Nd7 50. Nf1 Ne5 51. Ne3 Rgh8 52. Reh2 Nf3 53. Rf2 Ng5 54. Rf4 Nh3 55. Rff1 Ng5 56. Rf4 Rh6 57. Ng2 Nf3 58. Ne3 Ne5 59. Rh4 Kb6 60. Rf1 Ka5 61. Rfh1 R8h7 62.
Ng2 Nf3 63. Nf4 Nxh4 64. Rxh4 Kb6 65. Ne6 Ka5 66. Nd8 Kb6 67. Ne6 Rh8 68. Ng5 Rf8 69. Ne6 Rg8 70. Nf4 Kc7 71. Ne6+ Kd7 72. Kb1 Ke8 73. Kc2 Kf7 74. Kd3 Kf6 75. Nf4 Rgh8 76. Kc2 Ke5 77. Kd3 R8h7 78. Ng6+ Kf6 79. Nf8 Rh8 80.
Nd7+ Kf7 81. b6 Ke8 82. Nb8 Kd8 83. Nc6+ Kd7 84. e5 R6h7 85. e6+ Kc8 86. Na5 Kb8 87. Rh1 h4 88. Nc6+ Kb7 89. gxh4 Rxh4 90. Rf1 g3 91. Nxe7 g2 92. Rg1 Rg4 93. f6 a3 94. bxa3 bxa3 95.
Nf5 Rh3+ 96. Ke2 a2 97. f7 Re4+ 98. Kd2 Rh8 99. Nxd6+ Kxb6 100. Nxe4 Rh2 101. Nf2 a1=Q 102. Rxa1 1-0

[Event "*** MasterClass Titled Tuesday Blitz"]
[Site "Chess.com"]
[Date "2017.07.04"]
[Round "5"]
[White "Zufi1811"]
[Black "Iball95"]
[Result "1-0"]
[WhiteElo "2395"]
[BlackElo "2515"]
[TimeControl "180+2"]
[EndTime "14:11:54 PDT"]
[Termination "Zufi1811 won by checkmate"]

1. d4 Nf6 2. Nf3 e6 3. Bf4 c5 4. c3 Nc6 5. e3 d5 6. Nbd2 Bd6 7. Bg3 O-O 8. Bb5 Ne7 9. Bd3 b6 10. Ne5 Bb7 11. f4 Nf5 12. Bf2 Ne4 13. Qc2 Nxf2 14. Kxf2 g6 15. Bxf5 exf5 16. Nef3 Re8 17. Rae1 Rc8 18. Qd3 Qc7 19. h3 h5 20. Ne5 Kg7 21.
g4 fxg4 22. hxg4 hxg4 23. Reg1 Rh8 24. Rxh8 Rxh8 25. Rxg4 Rh6 26. Ndf3 Bc8 27. Rg2 c4 28.
Qc2 Qe7 29. f5 Qf6 30. fxg6 fxg6 31. Kg1 Bf5 32. Qa4 Be4 33. Qxa7+ Qe7 34. Qxe7+ Bxe7 35. Rh2 Bd6 36. Rxh6 Kxh6 37. Nf7+ Kg7 38. Nxd6 Bxf3 39. Nc8 b5 40. Nd6 Kf6 41. Kf2 Bd1 42. Nxb5 Ke6 43. Kg3 g5 44. Nc7+ Kd6 45. Ne8+ Ke6 46. Ng7+ Kf6 47.
Ne8+ Ke7 48. Nc7 Kd6 49. Na6 Ke6 50. Nb4 Kd6 51. b3 cxb3 52. axb3 Ke6 53. c4 Bxb3 54.
cxd5+ Kf5 55. d6 Ba4 56. Nd3 Bc6 57. Nc5 Kf6 58. e4 Bb5 59. d7 Ke7 60. Kg4 Bc4 61. Kxg5 Bb5 62. d5 Bd3 63. Kf5 Bb5 64. Ke5 Bc4 65. d6+ Kd8 66. Kf6 Bd5 67. e5 Bc4 68. e6 Bxe6 69. Nxe6+ Kxd7 70. Ke5 Kc6 71. Nf8 Kb7 72. Ke6 Kc8 73. Ke7 Kb7 74. d7 Ka7 75. d8=Q Kb7 76. Nd7 Kc6 77. Qb6+ Kd5 78. Qc5+ Ke4 79.
Nf6+ Kf4 80. Ke6 Kf3 81. Qd4 Ke2 82. Kf5 Kf3 83. Qd3+ Kf2 84. Kg4 Ke1 85. Qc2 Kf1 86. Ne4 Ke1 87. Qd2+ Kf1 88. Qf2# 1-0

[Event "*** MasterClass Titled Tuesday Blitz"]
[Site "Chess.com"]
[Date "2017.07.04"]
[Round "5"]
[White "Rating-Schmating"]
[Black "Colombiano07"]
[Result "1/2-1/2"]
[WhiteElo "2244"]
[BlackElo "2327"]
[TimeControl "180+2"]
[EndTime "14:13:34 PDT"]
[Termination "Game drawn by repetition"]

1. e4 c5 2. Nf3 g6 3. d4 cxd4 4.
Qxd4 Nf6 5. e5 Nc6 6. Qa4 Nd5 7.
Qe4 Nc7 8. Nc3 Bg7 9. Bc4 O-O 10. Bg5 d6 11. Bf4 dxe5 12. Nxe5 Bf5 13. Nxc6 Bxc3+ 14. bxc3 Bxe4 15. Nxd8 Raxd8 16. Bxc7 Rc8 17. Bd3 Bxd3 18. cxd3 Rxc7 19. Kd2 e5 20. Rhe1 f6 21. f3 Rfc8 22. Rac1 Kf7 23. Rc2 b5 24. Rb1 a6 25. a4 Rc5 26. axb5 axb5 27. Ra1 R8c7 28. Rb1 Rd5 29. Ke2 Rcd7 30. c4 bxc4 31. dxc4 Rc5 32. Rb5 Rc6 33. c5 Ke6 34. Ke3 Rd4 35. Rb6 Kd5 36. Rb8 Rxc5 37. Rxc5+ Kxc5 38. Rh8 Rh4 39. h3 Kd6 40. Kf2 Ke7 41.
Kg3 g5 42. Ra8 Kf7 43. Ra7+ Kg6 44. Ra8 Rb4 45. Rg8+ Kf7 46. Rh8 Kg7 47. Re8 Rb3 48.
Re7+ Kg6 49. Kf2 h5 50. Re8 Kf5 51. Rf8 Rb2+ 52. Kg3 Rb3 53. Kf2 Ra3 54. g4+ hxg4 55. hxg4+ Kg6 56. Rg8+ Kf7 57. Rb8 Ra4 58. Kg3 e4 59.
fxe4 Rxe4 60. Rb7+ Kg6 61. Rb8 Re3+ 62. Kf2 Ra3 63.
Rg8+ Kf7 64. Rb8 Ke6 65. Rb6+ Ke5 66. Rb5+ Ke6 67. Rb6+ Kf7 68. Rb7+ Kg6 69. Rb8 Rd3 70. Rg8+ Kf7 71. Rb8 Ke6 72. Re8+ Kd5 73. Ke2 Rg3 74. Rd8+ Ke5 75. Re8+ Kd5 76. Rd8+ Ke6 77. Rd4 Ke5 78. Ra4 Rc3 79. Kf2 Rd3 80. Ra5+ Rd5 81. Ra6 Rd4 82. Kg3 Rd3+ 83. Kg2 Rd6 84. Ra5+ Ke4 85. Rf5 Ra6 86. Kg3 Rb6 87. Kg2 Re6 88. Kg3 Kd3 89.
Rd5+ Kc4 90. Rd8 Re3+ 91. Kf2 Rd3 92. Rf8 Rd6 93. Ke3 Kd5 94. Kf3 Ke5 95. Re8+ Re6 96. Ra8 Rd6 97. Re8+ Re6 98. Ra8 Rb6 99. Re8+ Kd6 100.
Rd8+ Ke7 101. Rd3 Rb1 102. Re3+ Kf7 103. Ra3 Rh1 104. Ra7+ Kg6 105. Kg2 Rb1 106. Kg3 Rb3+ 107. Kg2 Rb8 108. Kg3 Rf8 109. Ra6 Rf7 110. Rb6 Re7 111. Kf3 Kf7 112. Rb8 Rd7 113. Ke4 Ke6 114. Re8+ Re7 115. Ra8 Kf7+ 116. Kf3 Rb7 117. Ra3 Rb5 118. Ra7+ Ke6 119. Ra8 Rb3+ 120. Kg2 Ke5 121. Ra5+ Ke4 122. Ra4+ Ke3 123. Ra6 Kf4 124. Rxf6+ Kxg4 125. Rf2 Rg3+ 126. Kh2 Kh4 127. Rf8 Ra3 128. Rf2 Kg4 129. Rg2+ Kf4 130. Rf2+ Rf3 131. Ra2 Kg4 132. Rg2+ Kh4 133. Ra2 Rb3 134. Ra4+ g4 135. Ra2 Re3 136. Kg2 Kg5 137. Ra5+ Kf4 138. Ra4+ Re4 139. Rxe4+ Kxe4 140. Kg3 Kf5 141. Kg2 Kf4 142. Kf2 g3+ 143. Kg2 Kg4 144. Kg1 Kh5 145. Kg2 Kh4 146. Kg1 Kh3 147. Kh1 Kg4 148. Kg2 Kf4 149. Kg1 Kf5 150. Kg2 Kg4 151. Kg1 Kg5 152. Kg2 Kf4 153. Kg1 Kf3 154. Kf1 Ke4 155. Kg2 Kf4 156. Kg1 Kg4 157. Kg2 Kh4 158. Kg1 Kh3 159. Kh1 Kg4 160. Kg2 Kf4 161. Kg1 Kg5 162. Kg2 Kg4 163. Kg1 Kf3 164. Kf1 Ke4 165. Kg2 Kf4 1/2-1/2

[Event "*** MasterClass Titled Tuesday Blitz"]
[Site "Chess.com"]
[Date "2017.07.04"]
[Round "6"]
[White "A-Fier"]
[Black "Tesla37"]
[Result "1-0"]
[WhiteElo "2567"]
[BlackElo "2622"]
[TimeControl "180+2"]
[EndTime "14:17:39 PDT"]
[Termination "A-Fier won by resignation"]

1. e4 c5 2. Nf3 e6 3. d4 cxd4 4.
Nxd4 Nc6 5. Nc3 Qc7 6. Be3 a6 7. Qf3 Bd6 8. O-O-O Be5 9. g3 Nge7 10. Qe2 Bxd4 11.
Bxd4 Nxd4 12. Rxd4 e5 13. Rd1 O-O 14. f4 d6 15. Qd2 exf4 16. gxf4 Rd8 17. Rg1 b5 18. f5 f6 19. Nd5 Qa7 20. Nxe7+ Qxe7 21. Qd5+ Kf8 22. Qxa8 Bxf5 23. Qd5 Bxe4 24. Qd4 1-0

[Event "*** MasterClass Titled Tuesday Blitz"]
[Site "Chess.com"]
[Date "2017.07.04"]
[Round "6"]
[White "Schemato"]
[Black "kleinebeer98"]
[Result "0-1"]
[WhiteElo "2300"]
[BlackElo "2436"]
[TimeControl "180+2"]
[EndTime "14:19:15 PDT"]
[Termination "kleinebeer98 won by resignation"]

1. c4 c5 2. g3 g6 3. Bg2 Bg7 4. Nc3 e6 5. Nf3 Ne7 6. d3 Nbc6 7. Bg5 h6 8. Bd2 a6 9. Qc1 d6 10.
a3 Nf5 11. Rb1 O-O 12. b4 Rb8 13. e4 Nfd4 14. Nxd4 cxd4 15. Ne2 b5 16. cxb5 Ne5 17. Qc2 Qb6 18. f4 Ng4 19. bxa6 Bxa6 20. O-O Rfc8 21. Qb3 Rc3 22. Bxc3 dxc3+ 23. Kh1 Bxd3 24. Nxc3 Bxb1 25. Nxb1 Nf2+ 26. Rxf2 Qxf2 27. h4 Rc8 0-1

[Event "*** MasterClass Titled Tuesday Blitz"]
[Site "Chess.com"]
[Date "2017.07.04"]
[Round "6"]
[White "Blitzstream"]
[Black "Elshan1985"]
[Result "0-1"]
[WhiteElo "2447"]
[BlackElo "2639"]
[TimeControl "180+2"]
[EndTime "14:19:21 PDT"]
[Termination "Elshan1985 won by resignation"]

1. d4 Nf6 2. Bg5 e6 3. Nd2 c5 4. c3 d5 5. Ngf3 Nbd7 6. e3 Be7 7. Nb3 b6 8. Bb5 O-O 9. h4 Bb7 10. h5 h6 11. Bf4 Ne4 12. g4 a6 13. Be2 f6 14. Nh4 e5 15. Bh2 f5 16. Nxf5 Rxf5 17. gxf5 Bh4 18. Bg1 Qg5 19. Bf3 Qxe3+ 20. Qe2 Qf4 21. Bxe4 dxe4 22. Bh2 Qxf5 23. d5 Bxd5 24. O-O-O Bg5+ 25. Kb1 e3+ 26. Ka1 Bxh1 27. Rxh1 exf2 28. Rf1 Rf8 29. Qxa6 Qh3 30. Qc4+ Kh8 0-1

[Event "*** MasterClass Titled Tuesday Blitz"]
[Site "Chess.com"]
[Date "2017.07.04"]
[Round "6"]
[White "KNVB"]
[Black "Keranke"]
[Result "0-1"]
[WhiteElo "2479"]
[BlackElo "2653"]
[TimeControl "180+2"]
[EndTime "14:19:36 PDT"]
[Termination "Keranke won on time"]

1. d4 g6 2. Nf3 Bg7 3. Bf4 d6 4. e3 Nf6 5. h3 O-O 6. c3 c5 7. Nbd2 cxd4 8. exd4 Nc6 9. Be2 e5 10. dxe5 dxe5 11. Nxe5 Nd5 12. Nxc6 bxc6 13. Bg3 Re8 14. O-O Bxc3 15. Nc4 Bxb2 16. Bf3 Bxa1 17. Qxa1 Ba6 18. Rc1 Bxc4 19. Rxc4 Rc8 20. Kh2 Qf6 21. Qc1 Nb6 22. Rc5 Nd7 23. Ra5 Ne5 24. Bd1 h5 25. Rxa7 h4 26.
Bxe5 Qxe5+ 27. f4 Qe1 0-1

[Event "*** MasterClass Titled Tuesday Blitz"]
[Site "Chess.com"]
[Date "2017.07.04"]
[Round "6"]
[White "Msb2"]
[Black "wonderfultime"]
[Result "1-0"]
[WhiteElo "2556"]
[BlackElo "2652"]
[TimeControl "180+2"]
[EndTime "14:19:36 PDT"]
[Termination "Msb2 won by resignation"]

1. d4 d5 2. c4 c6 3. Nf3 Nf6 4. Nc3 dxc4 5. a4 Bf5 6. Ne5 Nbd7 7. Nxc4 Nb6 8. Ne5 a5 9. e3 h6 10. f3 e6 11. e4 Bh7 12. Be3 Be7 13. Qb3 O-O 14. Be2 Rb8 15. d5 Nbxd5 16. exd5 exd5 17. Rd1 Bd6 18. f4 Re8 19. O-O Nd7 20. Nxd5 Bxe5 21. Nb6 Bf6 22. Rxd7 1-0

[Event "*** MasterClass Titled Tuesday Blitz"]
[Site "Chess.com"]
[Date "2017.07.04"]
[Round "6"]
[White "charlescandycampbell"]
[Black "jeaston1"]
[Result "0-1"]
[WhiteElo "2110"]
[BlackElo "2050"]
[TimeControl "180+2"]
[EndTime "14:19:36 PDT"]
[Termination "jeaston1 won by resignation"]

1. d4 d5 2. c4 dxc4 3. Nc3 a6 4. a4 Nc6 5. e3 Na5 6. Nf3 Nf6 7. Ne5 Be6 8. e4 c6 9. Be3 g6 10. Be2 Bg7 11.
O-O O-O 12. f4 Qb6 13. Qc2 Rad8 14. Rf3 Nb3 15. Rd1 Nxd4 16. Bxd4 Rxd4 17. Kf1 Rxd1+ 18. Qxd1 Ng4 19. Bxc4 Nxh2+ 20. Ke2 Nxf3 21. gxf3 Bxe5 22. Bxe6 Bxc3 23. Bxf7+ Rxf7 24. bxc3 Qc7 25. Qb3 Qxf4 26. c4 Qxf3+ 27. Qxf3 Rxf3 28. Kxf3 e5 29. a5 h6 30. Kg4 Kf7 31. c5 Kf6 32. Kh4 h5 33.
Kg3 Kg5 34. Kf3 h4 35. Ke3 Kg4 36. Kd3 Kf3 37. Kc4 Kxe4 38. Kc3 Kd5 39. Kb4 e4 40. Kc3 Kxc5 41. Kd2 Kb5 42. Ke3 Kxa5 43. Kxe4 h3 44. Kf3 g5 45. Kg3 g4 46. Kh2 c5 47. Kg3 c4 48. Kxg4 h2 49. Kf3 h1=Q+ 50. Kf4 c3 51. Ke3 c2 0-1

[Event "*** MasterClass Titled Tuesday Blitz"]
[Site "Chess.com"]
[Date "2017.07.04"]
[Round "6"]
[White "IMJonathanCarlstedt"]
[Black "Gabrielian_Artur"]
[Result "0-1"]
[WhiteElo "2467"]
[BlackElo "2557"]
[TimeControl "180+2"]
[EndTime "14:19:54 PDT"]
[Termination "Gabrielian_Artur won by checkmate"]

1. d4 Nf6 2. Bf4 g6 3. Nc3 d5 4. e3 Bg7 5. Be2 O-O 6. h4 h5 7.
Nf3 Bf5 8. Ne5 Nbd7 9. g4 hxg4 10. Nxg4 Nxg4 11. Bxg4 Bxg4 12. Qxg4 Nf6 13. Qf3 Qd7 14. Be5 c6 15. Bxf6 Bxf6 16. h5 Qf5 17. Qe2 e5 18. O-O-O exd4 19. exd4 Rae8 20. Qf1 g5 21. Kb1 Re6 22. Qg2 Rfe8 23. h6 Kh7 24. a4 a6 25. Rd3 b5 26. Rf3 Qg6 27. axb5 axb5 28. Rd1 b4 29. Na4 Re1 30. Rd3 Rxd1+ 31. Rxd1 Re2 32. Rc1 b3 33. Ka1 Rxc2 34. Rd1 Bxd4 35. Qg4 c5 36. Qf3 Rc4 37. Nb6 Bxb2+ 38. Kxb2 Qc2+ 39.
Ka3 Qa2# 0-1

[Event "*** MasterClass Titled Tuesday Blitz"]
[Site "Chess.com"]
[Date "2017.07.04"]
[Round "6"]
[White "peteseeger"]
[Black "SuperCheese"]
[Result "0-1"]
[WhiteElo "2143"]
[BlackElo "2421"]
[TimeControl "180+2"]
[EndTime "14:20:23 PDT"]
[Termination "SuperCheese won by resignation"]

1. e4 e5 2. Nf3 Nc6 3. d4 exd4 4. Nxd4 Nf6 5. Nxc6 bxc6 6. e5 Qe7 7. Qe2 Nd5 8. c4 Nb6 9. Nc3 Ba6 10. Qe4 O-O-O 11. b3 Re8 12. f4 f6 13. Bd3 fxe5 14. O-O exf4 15. Qxf4 Qd6 16. Qxd6 Bxd6 17. Bd2 Be5 18. Rae1 Nd5 19. cxd5 Bxd3 20. Rf3 Bd4+ 21. Kh1 Rxe1+ 22.
Bxe1 Re8 23. Bd2 Bg6 24. dxc6 dxc6 25. h3 c5 26. Kh2 a6 27. g4 Kb7 28. h4 h5 29. g5 Bc2 30. Rf7 g6 31. Kg3 Bf5 32. Nd5 Be5+ 33. Kf2 Rd8 0-1

[Event "*** MasterClass Titled Tuesday Blitz"]
[Site "Chess.com"]
[Date "2017.07.04"]
[Round "6"]
[White "dolynachess"]
[Black "merillium"]
[Result "1-0"]
[WhiteElo "2339"]
[BlackElo "2329"]
[TimeControl "180+2"]
[EndTime "14:20:27 PDT"]
[Termination "dolynachess won by resignation"]

1. c4 e5 2. g3 f5 3. Bg2 Nc6 4. Nc3 Nf6 5. d3 g6 6. Bg5 Bg7 7. Nd5 h6 8. Bxf6 Bxf6 9. Nxf6+ Qxf6 10. e3 d6 11. Ne2 Bd7 12. a3 O-O 13. O-O Kg7 14. b4 Rab8 15. Qa4 Rf7 16. b5 Ne7 17. Qxa7 Rc8 18. Bxb7 f4 19. exf4 Bh3 20. fxe5 dxe5 21.
Qc5 c6 22. f4 Bxf1 23. Rxf1 Rc7 24. bxc6 Nxc6 25. Bxc6 Rxc6 26. Qxe5 Ra7 27. Nd4 Rca6 28. Nb5 Rd7 29. Qxf6+ Kxf6 30. d4 Ra4 31. Rc1 Rb7 32. Kf2 Kf5 33. Nd6+ 1-0